Map: Prion Terraces

Players

ILLBdA - Winner!

  • Race: Protoss Protoss
  • League: Diamond

Core

  • Race: Zerg Zerg
  • League: Platinum

VOD

Have the link to the VOD?

Description

Time

  • Played on: Dec. 17, 2015, 7:46 a.m.
  • Length: 14:28
Show
View Real Time Build Order
Export as new Build Order

ILLBdA Protoss - Winner!

Build Orders: Cannon Rush 

Get SALT Encoding   

  12  0:01  Probe (Chrono Boost)  
  13  0:11  Probe (Chrono Boost)  
  14  0:21  Pylon  
  14  0:22  Probe (Chrono Boost)  
  15  0:39  Probe (Chrono Boost)  
  15  0:41  Forge  
  17  0:50  Probe (Chrono Boost)  
  17  1:00  Probe (Chrono Boost)  
  18  1:11  Probe (Chrono Boost)  
  19  1:15  Pylon  
  19  1:17  Pylon  
  19  1:19  Pylon  
  19  1:32  Pylon  
  19  1:34  Photon Cannon  
  19  1:43  Photon Cannon  
  19  1:44  Assimilator  
  19  1:52  Photon Cannon  
  19  1:53  Photon Cannon  
  19  1:59  Probe (Chrono Boost)  
  20  2:08  Gateway  
  20  2:10  Probe (Chrono Boost)  
  20  2:12  Pylon  
  21  2:20  Probe (Chrono Boost)  
  22  2:31  Probe (Chrono Boost)  
  22  2:32  Assimilator  
  22  2:36  Pylon  
  23  2:37  Assimilator  
  23  2:41  Probe (Chrono Boost)  
  24  2:56  Pylon, Zealot (Chrono Boost)  
  26  3:00  Cybernetics Core  
  26  3:02  Photon Cannon  
  26  3:15  Photon Cannon  
  26  3:17  Pylon  
  28  3:25  Photon Cannon  
  26  3:29  Probe (Chrono Boost)  
  27  3:36  Adept, Warp Gate  
  29  3:49  Mothership Core (Chrono Boost)  
  31  3:57  Pylon x2  
  31  4:03  Pylon  
  31  4:19  Probe (Chrono Boost)  
  31  4:29  Probe (Chrono Boost)  
  32  4:40  Sentry (Chrono Boost), Nexus  
  32  4:44  Pylon  
  34  4:46  Pylon  
  34  4:51  Stargate  
  34  5:03  Photon Cannon  
  36  5:07  Sentry (Chrono Boost)  
  36  5:12  Probe  
  37  5:17  Gateway  
  36  5:37  Oracle (Chrono Boost)  
  36  5:40  Photon Cannon  
  39  5:44  Adept  
  41  5:50  Probe  
  41  5:52  Probe  
  41  5:54  Assimilator  
  41  5:56  Assimilator  
  43  6:01  Probe  
  43  6:04  Probe  
  47  6:11  Probe, Phoenix (Chrono Boost)  
  47  6:16  Sentry  
  50  6:24  Probe  
  51  6:25  Probe  
  52  6:36  Probe x2  
  52  6:39  Phoenix (Chrono Boost)  
  56  6:57  Probe  
  59  7:11  Twilight Council  
  59  7:12  Probe  
  58  7:18  Probe  
  58  7:19  Phoenix (Chrono Boost)  
  61  7:23  Zealot x2  
  65  7:39  Nexus  
  65  7:41  Pylon  
  65  7:42  Pylon  
  65  7:45  Pylon  
  65  7:50  Probe  
  66  7:52  Charge (Chrono Boost)  
  66  7:55  Zealot x2  
  70  8:07  Gateway x2  
  70  8:10  Gateway  
  70  8:14  Phoenix  
  70  8:15  Zealot x2  
  70  8:17  Photon Cannon  
  74  8:22  Gateway  
  74  8:26  Pylon  
  74  8:28  Probe  
  74  8:33  Probe  
  75  8:38  Pylon  
  76  8:43  Probe  
  76  8:47  Probe  
  77  8:50  Probe  
  77  8:55  Probe  
  80  8:57  Probe  
  80  9:00  Probe  
  82  9:04  Phoenix  
  82  9:07  Probe  
  82  9:08  Probe  
  86  9:12  Zealot x3  
  92  9:18  Gateway  
  92  9:21  Pylon  
  92  9:22  Assimilator  
  92  9:23  Probe  
  93  9:25  Templar Archives  
  93  9:26  Assimilator  
  93  9:29  Zealot x2  
  97  9:34  Probe  
  98  9:42  Gateway  
  98  9:45  Probe x2  
  99  9:51  Zealot x3  
  106  9:55  Phoenix  
  108  10:01  Zealot  
  108  10:06  Robotics Facility  
  110  10:10  Pylon  
  110  10:16  Photon Cannon  
  110  10:18  High Templar x4  
  110  10:19  High Templar x2  
  122  10:22  Archon x2  
  122  10:25  Archon  
  123  10:28  Probe  
  123  10:32  Zealot  
  123  10:35  Probe  
  125  10:39  Pylon x2  
  125  10:40  Pylon  
  125  10:41  Protoss Ground Weapons Level 1 (Chrono Boost)  
  126  10:44  High Templar  
  128  10:51  Resonating Glaives (Chrono Boost), High Templar  
  128  10:55  Archon  
  130  10:57  Warp Prism  
  130  11:02  Phoenix  
  134  11:06  Zealot x3  
  134  11:07  Zealot x2  
  144  11:13  High Templar  
  144  11:17  High Templar  
  148  11:22  Archon  
  148  11:25  Zealot  
  119  12:00  Zealot x4  
  119  12:01  Zealot x2  
  125  12:13  Zealot x2  
  125  12:16  Probe  
  125  12:27  High Templar x3  
  125  12:28  High Templar x3  
  125  12:35  Nexus  
  125  12:37  Pylon  
  125  12:39  Pylon, Archon x3  
  125  12:41  Assimilator  
  125  12:43  Pylon, Assimilator  
  125  12:44  Probe  
  125  12:46  Observer  
  125  12:50  High Templar x2  
  125  12:54  Archon  
  125  12:56  Probe  
  125  13:09  High Templar  
  125  13:10  High Templar  
  125  13:11  Zealot x3  
  125  13:13  Archon  
  125  13:25  Probe  
  125  13:36  Zealot  
  125  13:37  Zealot x5  
  125  14:07  High Templar x3  
  125  14:08  High Templar x2  
  125  14:11  High Templar  
  125  14:12  Archon x2  
  125  14:15  Archon  
Show
View Real Time Build Order
Export as new Build Order

Core Zerg 

Build Orders: 3 Hatch before Pool 

Get SALT Encoding   

  12  0:01  Drone  
  13  0:07  Drone  
  14  0:17  Overlord  
  14  0:22  Extractor  
  14  0:23  Drone  
  15  0:35  Drone  
  16  0:36  Drone  
  17  0:44  Drone  
  18  0:55  Hatchery  
  17  0:59  Drone, Extractor  
  18  1:19  Hatchery  
  18  1:21  Drone  
  18  1:24  Extractor  
  17  1:28  Drone  
  18  1:45  Spawning Pool  
  17  1:52  Drone x2  
  17  1:53  Overlord  
  20  2:26  Hatchery  
  20  2:32  Queen, Zergling x6  
  20  2:34  Hatchery  
  24  2:48  Zergling x2  
  25  2:54  Zergling x2  
  25  3:06  Zergling x2  
  25  3:07  Metabolic Boost  
  26  3:16  Zergling x2  
  25  3:29  Zergling x2  
  26  3:40  Queen  
  26  3:41  Zergling x4  
  29  3:50  Zergling x2  
  29  3:51  Zergling x6  
  33  4:01  Zergling x2  
  33  4:04  Zergling x2  
  34  4:10  Zergling x2  
  34  4:11  Zergling x2  
  35  4:33  Zergling x2  
  35  4:34  Hatchery  
  35  4:36  Zergling x2  
  35  4:49  Lair  
  34  5:01  Zergling x6  
  34  5:02  Overlord x3  
  34  5:03  Overlord  
  34  5:11  Zergling x4  
  34  5:14  Zergling x2  
  34  5:20  Overlord x2  
  35  5:21  Drone  
  35  5:22  Drone  
  37  5:37  Zergling x2  
  37  5:42  Drone x3  
  41  5:47  Zergling x2  
  42  5:52  Drone  
  43  5:57  Hatchery  
  43  6:02  Zergling x8  
  43  6:03  Zergling x2  
  43  6:04  Zergling x2  
  46  6:10  Zergling x4  
  48  6:18  Zergling x8  
  45  6:20  Zergling x2  
  45  6:25  Zergling x2  
  44  6:31  Drone  
  41  6:36  Zergling x2  
  40  6:40  Zergling x2  
  40  6:44  Drone  
  40  6:45  Drone x5  
  40  6:46  Drone  
  46  6:57  Drone x2  
  46  6:58  Drone x2  
  47  7:06  Evolution Chamber  
  45  7:11  Overlord  
  45  7:12  Zergling x2  
  46  7:19  Evolution Chamber  
  45  7:32  Drone x4  
  45  7:33  Drone x3  
  52  7:37  Spore Crawler  
  52  7:43  Spore Crawler  
  50  7:49  Drone x4  
  53  7:59  Drone x2  
  53  8:01  Drone  
  53  8:02  Drone  
  56  8:07  Roach Warren  
  56  8:10  Spore Crawler  
  56  8:11  Spore Crawler  
  53  8:15  Drone x2  
  55  8:20  Spore Crawler  
  55  8:21  Drone  
  55  8:22  Spore Crawler  
  54  8:35  Drone x4  
  54  8:37  Zerg Ground Armor Level 1, Extractor  
  57  8:41  Evolution Chamber  
  57  8:42  Extractor  
  57  8:43  Drone, Extractor  
  57  8:44  Queen  
  57  8:46  Drone  
  57  8:48  Drone  
  59  8:51  Roach  
  59  8:53  Glial Reconstitution  
  59  8:55  Drone  
  62  9:08  Queen  
  64  9:14  Drone x3  
  64  9:15  Drone  
  68  9:22  Extractor  
  67  9:27  Hydralisk Den  
  67  9:30  Spore Crawler  
  65  9:39  Zerg Missile Weapons Level 1  
  65  9:42  Extractor  
  65  9:43  Drone x2  
  66  9:45  Drone  
  66  9:46  Drone  
  68  9:57  Roach  
  68  9:58  Roach x5  
  80  10:00  Muscular Augments  
  80  10:03  Zerg Melee Weapons Level 1  
  80  10:12  Overlord x5  
  80  10:27  Overlord x2  
  80  10:30  Drone x4  
  80  10:31  Drone x2  
  80  10:33  Zerg Ground Armor Level 2  
  80  10:34  Hydralisk x3  
  92  10:41  Drone x3  
  92  10:42  Drone  
  96  10:47  Hydralisk  
  98  10:58  Hydralisk x4  
  98  11:01  Hydralisk  
  98  11:04  Hydralisk  
  108  11:05  Hydralisk  
  112  11:17  Hydralisk  
  114  11:20  Hatchery  
  113  11:27  Hydralisk x4  
  119  11:36  Hydralisk  
  119  11:37  Hydralisk x2  
  119  11:39  Roach  
  127  11:44  Hydralisk x2  
  127  11:46  Roach  
  106  11:58  Roach  
Tags
 
Add a new tag
Caveats
  • Supply blocks, unpowered buildings, or Contaminate may cause inaccurate times.
  • Supply counts are checked every 10 seconds.